 Dungeon Crawl Stone Soup version 0.30-a0-393-g54b8e3be05 (webtiles) character file.

Game seed: 6467017621072956070

159 spardeous the Ducker (level 5, 22/22 HPs)
             Began as a Felid Transmuter on Dec 6, 2022.
             Got out of the dungeon alive.
             The game lasted 00:09:07 (4264 turns).

spardeous the Ducker (Felid Transmuter)             Turns: 4264, Time: 00:09:08

Health: 22/22      AC:  2    Str:  6    XL:     5   Next: 17%
Magic:  9/9        EV: 24    Int: 15    God:
Gold:   196        SH:  0    Dex: 18    Spells: 4/8 levels left
                                        Lives:  0   Deaths: 1

rFire   . . .      SeeInvis +      - Unarmed
rCold   . . .      Faith    .    (shield unavailable)
rNeg    . . .      Spirit   .    (body armour unavailable)
rPois   .          Reflect  .    (helmet unavailable)
rElec   .          Harm     .    (cloak unavailable)
rCorr   .          Rampage  .    (gloves unavailable)
Will    .....                    (boots unavailable)
Stlth   ++........               (no amulet)
HPRegen 0.23/turn                h - +4 ring of evasion
MPRegen 0.11/turn                (no ring)

@: quick
A: very small, claws 1, fangs 3, see invisible, speed 1, shaggy fur 2, stealthy
paws, no weapons or thrown items, no armour, multi-lived
a: no special abilities


You escaped.
You visited 1 branch of the dungeon, and saw 4 of its levels.

You collected 196 gold pieces.

Inventory:

Jewellery
 h - a +4 ring of evasion (left paw)
Scrolls
 b - a scroll of noise
 c - 2 scrolls of fog {unknown}
 d - 2 scrolls of poison {unknown}
 e - 2 scrolls of identify {unknown}
 f - a scroll of teleportation {unknown}
 g - a scroll of silence {unknown}
 k - a scroll of vulnerability {unknown}
Potions
 a - 2 potions of lignification


   Skills:
 - Level 1.0 Fighting
 - Level 6.1 Dodging
 - Level 0.4 Stealth
 - Level 4.2 Unarmed Combat
 - Level 2.0 Spellcasting
 + Level 4.3 Transmutations


You had 4 spell levels left.
You knew the following spells:

 Your Spells              Type           Power      Damage    Failure   Level
a - Beastly Appendage     Tmut           28%        N/A       3%          1
b - Spider Form           Tmut/Pois      8%         N/A       26%         3

Your spell library contained the following spells:

 Spells                   Type           Power      Damage    Failure   Level
 Wereblood                Tmut           14%        N/A       5%          2
 Scorch                   Fire           2%         2d5       32%         2
 Ice Form                 Ice/Tmut       8%         N/A       65%         4
 Flame Wave               Conj/Fire      1%         2d4       91%         4
 Summon Cactus Giant      Summ           0%         N/A       100%        6


Dungeon Overview and Level Annotations

Branches:
Dungeon (4/15)
 Temple: D:4-7

Altars:
Elyvilon

Annotations:
D:4 Dowan, Duvessa


Innate Abilities, Weirdness & Mutations

You have sharp claws.
You have razor-sharp teeth.
You have supernaturally acute eyesight. (SInv)
You cover ground quickly. (Speed+)
You are covered in thick fur. (AC +2)
Your paws help you pounce on unaware monsters.
You are incapable of wielding weapons or throwing items.
You cannot wear armour.
You gain extra lives every three experience levels.


Message History

Confirm with . or Enter, or press ? or * to list all spells.
The spell is extremely dangerous to miscast (28% risk of failure)!
Continue anyway?
You turn into a venomous arachnid creature.
The ufetubus closely misses you. The ufetubus completely misses you.
You closely miss the ufetubus.
The ufetubus is heavily wounded.
The ufetubus misses you. The ufetubus closely misses you.
You hit the ufetubus.
The ufetubus is poisoned.
The ufetubus is severely wounded.
The ufetubus completely misses you. x2
You closely miss the ufetubus.
The ufetubus is heavily wounded.
The ufetubus misses you. The ufetubus barely misses you.
You hit the ufetubus.
You kill the ufetubus!
No target in view!
No target in view!
(D) Dungeon
Where to? (Enter - D:3, ? - help)
Your transformation is almost over.
HP restored.
There is a stone staircase leading up here.
You climb upwards.
There is a stone staircase leading down here.
(D) Dungeon
Where to? (Enter - D:2, ? - help)
You feel less attractive to monsters.
Your transformation has ended.
(D) Dungeon
Where to? (Enter - D:1, ? - help)
Your extra speed is starting to run out.
There is a stone staircase leading up here.
You climb upwards.
You feel yourself slow down.
There is a stone staircase leading down here.
Magic restored.
There is an open door here.
There is a staircase leading out of the dungeon here.
Are you sure you want to leave the Dungeon?
This will make you lose the game!
You have escaped!

###############
#⌠.....⌠.≈≈≈≈⌠#
#.........≈≈≈≈#
#..........≈≈≈#
####>..##...##..@#
..##...##...##...#
..##.............#
..########'########
..# #............#
..####.####.#.###.#
..........#.#.# #.#
..#####.#.#.#.# #.#
........#.#.#.# #.#


There were no monsters in sight!

Vanquished Creatures
  A necrophage (D:3)
  An iguana (D:3)
  6 gnolls (D:3)
  5 adders
  An ufetubus (D:3)
  2 dart slugs
  4 orcs
  9 ball pythons
  7 bats
  5 endoplasms
  3 giant cockroaches
  11 goblins
  13 hobgoblins
  A jackal (D:4)
  9 kobolds
  6 quokkas
  6 frilled lizards
  8 rats
98 creatures vanquished.

Notes
Turn   | Place    | Note
-------+----------+-------------------------------------------
     0 | D:1      | spardeous the Felid Transmuter began the quest for the Orb.
     0 | D:1      | Reached XP level 1. HP: 9/9 MP: 4/4
    81 | D:1      | Reached skill level 3 in Dodging
   186 | D:1      | Reached XP level 2. HP: 12/12 MP: 4/6
   233 | D:1      | Reached skill level 4 in Dodging
   611 | D:1      | Reached XP level 3. HP: 15/15 MP: 5/7
  1148 | D:2      | Found a faded altar of an unknown god.
  1219 | D:2      | Reached skill level 5 in Dodging
  1356 | D:2      | Found a white marble altar of Elyvilon.
  1494 | D:2      | Learned a level 3 spell: Spider Form
  1933 | D:3      | You fall into a shaft and drop 1 floor!
  1944 | D:4      | Noticed an ogre
  1995 | D:3      | Reached XP level 4. HP: 19/19 MP: 6/8
  2308 | D:3      | Reached skill level 6 in Dodging
  2897 | D:3      | Reached XP level 5. HP: 22/22 MP: 7/9
  3906 | D:4      | Gained mutation: You are covered in thick fur. (AC +2)
                  | [Felid growth]
  3906 | D:4      | Reached XP level 6. HP: 19/25 MP: 8/10
  3993 | D:4      | Noticed Dowan
  3993 | D:4      | Noticed Duvessa
  4143 | D:4      | HP: 1/25 [ufetubus (3)]
  4147 | D:4      | Slain by an ufetubus
  4148 | D:4      | Reached XP level 5. HP: 0/22 MP: 9/9
  4264 | D:$      | Got out of the dungeon alive.

Illustrated notes

Levels and vault maps discovered:
D:1:      amcnicky_arrival_flooded_fountain, layout_basic, patterned_corridor
D:2:      layout_loops_ring, basic_altar, shapermc_ecumenical_altar_hornbeckon,
          st_stairs_9, eino_tiny_chamber
D:3:      minmay_chambers_of_twos, layout_loops_corners,
          kennysheep_generic_room_6
D:4:      layout_rooms, minmay_fractal_squares_diagonal_5,
          uniq_crazy_yiuf_cottage, uniq_duvessa, uniq_sigmund

Skill      XL: |  1  2  3  4  5  6 |
---------------+-------------------+-----
Dodging        | 3 4 5 6 |  6.1
Unarmed Combat | 4 |  4.2
Transmutations | 3 4 |  4.3
Fighting       | |  1.0
Stealth        | |  0.4
Spellcasting   | |  2.0

Action                   |  1- 3 |  4- 6 || total
-------------------------+-------+-------++-------
Melee: Unarmed           |   105 |   187 ||   292
       Headbutt          |    19 |    30 ||    49
       Bite              |     7 |    20 ||    27
       Punch             |     2 |     3 ||     5
 Cast: Beastly Appendage |    29 |    53 ||    82
       Spider Form       |     1 |     2 ||     3
  Use: Potion            |     1 |     2 ||     3
       Scroll            |       |     1 ||     1
 Stab: Sleeping          |     1 |     1 ||     2
Armor: Skin              |    13 |     6 ||    19
Dodge: Dodged            |    80 |   221 ||   301

Table legend: (Time is in decaauts)
 A = Elapsed time spent in this place.
 B = Non-inter-level travel time spent in this place.
 C = Inter-level travel time spent in this place.
 D = Time resting spent in this place.
 E = Time spent auto-exploring this place.
 F = Levels seen in this place.
 G = Mean time per level.
                   A        B        C        D        E       F      G
               +--------+--------+--------+--------+--------+-----+--------+
         Total |   3619 |   3378 |    241 |     52 |   2261 |   4 |  904.8 |
       Dungeon |   3619 |   3378 |    241 |     52 |   2261 |   4 |  904.8 |
               +--------+--------+--------+--------+--------+-----+--------+

Top non-repeatable levels by time:
     D:3: 1678 daAuts
     D:1: 988 daAuts
     D:2: 697 daAuts
     D:4: 254 daAuts
